 Dungeon Crawl Stone Soup version 0.20-a0-1078-g4874019 (webtiles) character file.

152 JeffiDaFish the Covered (level 5, 0/33 HPs)
             Began as a Gargoyle Fighter on Apr 30, 2017.
             Slain by an orc priest
             ... wielding a +2 hand axe of pain
              (1 damage)
             ... on level 3 of the Dungeon.
             The game lasted 00:04:10 (2202 turns).

JeffiDaFish the Covered (Gargoyle Fighter)          Turns: 2202, Time: 00:04:11

Health: 0/33       AC: 11    Str: 17    XL:     5   Next: 34%
Magic:  5/5        EV:  7    Int:  8    God:
Gold:   129        SH:  9    Dex: 10    Spells: 4/4 levels left

rFire    . . .     SeeInvis .   a - +0 flail
rCold    . . .     Gourm    .   c - +0 shield
rNeg     + . .     Faith    .   b - +0 scale mail
rPois    ∞         Spirit   .   (no helmet)
rElec    +         Reflect  .   (no cloak)
rCorr    .         Harm     .   (no gloves)
MR       .....                  (no boots)
Stlth    ..........             (no amulet)
Regen    0.2/turn               i - -3 ring of strength (curse)
MPRegen  0.1/turn               (no ring)

@: no status effects
A: negative energy resistance 1, electricity resistance, unbreathing,
petrification resistance, rot immunity, AC +4
a: no special abilities


You were on level 3 of the Dungeon.
You were not hungry.

You visited 1 branch of the dungeon, and saw 3 of its levels.

You collected 129 gold pieces.

Inventory:

Hand Weapons
 a - a +0 flail (weapon)
Armour
 b - a +0 scale mail (worn)
 c - a +0 shield (worn)
Jewellery
 i - a cursed -3 ring of strength (left hand)
Wands
 g - a wand of polymorph (11/24)
Scrolls
 l - 2 scrolls of identify
 m - a scroll of amnesia
Potions
 d - a potion of might
 e - a potion of agility
Comestibles
 f - a bread ration
 h - 2 meat rations
 j - 13 chunks of flesh


   Skills:
 + Level 4.0 Fighting
 + Level 3.4 Maces & Flails
 + Level 4.1 Armour
 + Level 0.8 Dodging
 + Level 4.1 Shields
 + Level 0.2 Unarmed Combat


You had 4 spell levels left.
You didn't know any spells.

Dungeon Overview and Level Annotations

Branches:
Dungeon (3/15)

Altars:


Innate Abilities, Weirdness & Mutations

You are resistant to torment.
Your stone body is resilient. (AC +4)
You are immune to poison.
You resist negative energy. (rN+)
You are resistant to electric shocks. (rElec)
You can survive without breathing.
You are immune to petrification.
You are immune to rotting.


Message History

You barely miss the orc priest.
The orc priest hits you but does no damage.
You hit the orc priest but do no damage.
The orc priest barely misses you.
The orc priest hits you but does no damage.
You closely miss the orc priest. You block the orc priest's attack.
You closely miss the orc priest.
The orc priest begins to cast a cantrip, but forgets the words!
You closely miss the orc priest.
The orc priest hits you but does no damage.
You writhe in agony.
* * * LOW HITPOINT WARNING * * *
You hit the orc priest but do no damage.
The orc priest calls down the wrath of Beogh upon you.
Beogh smites you!
* * * LOW HITPOINT WARNING * * *
You barely miss the orc priest.
The orc priest hits you but does no damage.
You writhe in agony.
You die...

#.#... # #.....# # #.#...
#.#.....# #.#.#... #.#.....#
#....... ....)..# #.........
#.....# #####.#... #....?#
...#...
#.....############.#######..#
#......)..{o@........(......)
#....#############.#######.)#
#........# ###.....#
#......#.# #.....#........
#.###.##.# #.....#........ #.
#.##.# #.....#........ #
#.##.# #.....#........ #.##.#
#.....###'#..##
.#####.##.######.....###.#..#


You could see an orc priest.

Vanquished Creatures
  Jessica (D:2)
  5 adders
  An ooze (D:2)
  2 worms (D:2)
  A dart slug (D:3)
  4 leopard geckos (D:2)
  An orc (D:3)
  A ball python (D:1)
  2 giant cockroaches
  5 goblins
  11 hobgoblins
  4 jackals
  5 kobolds
  A quokka (D:3)
  7 bats
  6 frilled lizards
  7 rats
64 creatures vanquished.

Notes
Turn   | Place    | Note
-------+----------+-------------------------------------------
     0 | D:1      | JeffiDaFish the Gargoyle Fighter began the quest for the Orb.
     0 | D:1      | Reached XP level 1. HP: 14/14 MP: 1/1
   203 | D:1      | Reached XP level 2. HP: 19/19 MP: 2/2
   841 | D:2      | Reached XP level 3. HP: 11/23 MP: 3/3
  1012 | D:2      | Noticed Jessica
  1025 | D:2      | Killed Jessica
  1025 | D:2      | Reached XP level 4. HP: 22/29 MP: 4/4
  1966 | D:2      | Reached XP level 5. HP: 33/33 MP: 5/5
  2201 | D:3      | HP: 1/33 [orc priest/divine providence (9)]
  2202 | D:3      | Slain by an orc priest

Vault maps used:
D:1:      evilmike_arrival_plus
D:2:      minivault_24, nicolae_underground_beach, uniq_jessica

Skill      XL: |  1  2  3  4  5 |
---------------+----------------+-----
Armour         | 4 |  4.1
Maces & Flails | 3 |  3.4
Shields        | 4 |  4.1
Fighting       | 4 |  4.0
Dodging        | |  0.8
Unarmed Combat | |  0.2

Action                   |  1- 3 |  4- 6 || total
-------------------------+-------+-------++-------
Melee: Flail             |   101 |   139 ||   240
       Unarmed           |     3 |    11 ||    14
Evoke: Wand              |       |     2 ||     2
  Use: Potion            |     3 |     3 ||     6
       Scroll            |     4 |     2 ||     6
  Eat: Chunk             |       |     5 ||     5
Armor: Scale mail        |    61 |    90 ||   151
Dodge: Dodged            |    45 |    64 ||   109
Block: Shield            |    60 |    83 ||   143
